 Dungeon Crawl Stone Soup version 0.26-a0-966-gd078a86f14 (webtiles) character file.

Game seed: 6729486241634924889

45 ardl the Shield-Bearer (level 3, 0/29 HPs)
             Began as a Human Fighter on Dec 3, 2020.
             Slain by an adder (1 damage)
             ... on level 2 of the Dungeon.
             The game lasted 00:01:16 (962 turns).

ardl the Shield-Bearer (Human Fighter)               Turns: 962, Time: 00:01:17

Health: 0/29       AC:  6    Str: 17    XL:     3   Next: 90%
Magic:  3/3        EV:  7    Int:  8    God:
Gold:   95         SH:  9    Dex: 12    Spells: 2/2 levels left

rFire    . . .     SeeInvis .   a - +0 flail
rCold    . . .     Faith    .   c - +0 kite shield
rNeg     . . .     Spirit   .   b - +0 scale mail
rPois    .         Reflect  .   (no helmet)
rElec    .         Harm     .   (no cloak)
rCorr    .         Rampage  .   (no gloves)
MR       .....                  (no boots)
Stlth    ..........             (no amulet)
HPRegen  0.09/turn              (no ring)
MPRegen  0.08/turn              (no ring)

@: no status effects
A: no striking features
a: no special abilities


You were on level 2 of the Dungeon.
You visited 1 branch of the dungeon, and saw 2 of its levels.

You collected 95 gold pieces.

Inventory:

Hand Weapons
 a - a +0 flail (weapon)
Missiles
 f - 8 poisoned darts (quivered)
Armour
 b - a +0 scale mail (worn)
 c - a +0 kite shield (worn)
Jewellery
 h - an uncursed amulet of faith
Scrolls
 e - a scroll of blinking {unknown}
 i - a scroll of enchant armour {unknown}
Potions
 d - 2 potions of might
 g - 2 potions of magic {unknown}


   Skills:
 - Level 3.0 Fighting
 * Level 3.4 Maces & Flails
 - Level 3.0 Armour
 + Level 3.5 Shields


You had 2 spell levels left.
You didn't know any spells.
Your spell library was empty.

Dungeon Overview and Level Annotations

Branches:
Dungeon (2/15)

Altars:


Message History

You take 2 damage, and have 21/29 hp.
You barely miss the worm. The adder bites you but does no damage.
The worm bites you but does no damage.
You barely miss the worm. You block the adder's attack.
You block the worm's attack. The adder bites you but does no damage.
You barely miss the worm. You block the adder's attack. The worm bites you.
The worm bites you!
* * * LOW HITPOINT WARNING * * *
The adder closely misses you.
You are too injured to fight recklessly!
You take 14 damage, and have 7/29 hp.
MASSIVE DAMAGE!!
The worm closely misses you.
There is an escape hatch in the ceiling here.
You block the adder's attack. The worm bites you.
* * * LOW HITPOINT WARNING * * *
The worm bites you.
* * * LOW HITPOINT WARNING * * *
The adder bites you.
You die...

..........
####.(.......
.##......)....#
..........>...#
..............#
.$............#
#...........##.#
...<....(.ww....#
.....#####S@!...#
................#
.........#......#
...............<#
...............##
#..............#
###............#
................#
.........#......#


You could see 2 worms and an adder.

Vanquished Creatures
  2 dart slugs (D:1)
  2 leopard geckos (D:1)
  A giant cockroach (D:2)
  6 goblins
  5 hobgoblins
  5 jackals
  5 kobolds
  5 bats (D:1)
  A frilled lizard (D:2)
  A rat (D:1)
33 creatures vanquished.

Notes
Turn   | Place    | Note
-------+----------+-------------------------------------------
     0 | D:1      | ardl the Human Fighter began the quest for the Orb.
     0 | D:1      | Reached XP level 1. HP: 18/18 MP: 1/1
   111 | D:1      | Reached XP level 2. HP: 24/24 MP: 2/2
   291 | D:1      | Reached XP level 3. HP: 29/29 MP: 3/3
   962 | D:2      | HP: 1/29 [worm (1)]
   962 | D:2      | Slain by an adder

Illustrated notes

Levels and vault maps discovered:
D:1:      psy_arrival_conway, layout_rooms, minmay_splitting_lines
D:2:      layout_basic, grunt_ministairs_4, uniq_crazy_yiuf_cottage

Skill      XL: |  1  2  3 |
---------------+----------+-----
Maces & Flails | 3 |  3.4
Fighting       | |  3.0
Armour         | |  3.0
Shields        | |  3.5

Action                   || total
-------------------------++-------
Melee: Flail             ||   103
Armor: Scale mail        ||    69
Dodge: Dodged            ||    44
Block: Kite shield       ||    86

Table legend: (Time is in decaauts)
 A = Elapsed time spent in this place.
 B = Non-inter-level travel time spent in this place.
 C = Inter-level travel time spent in this place.
 D = Time resting spent in this place.
 E = Time spent auto-exploring this place.
 F = Levels seen in this place.
 G = Mean time per level.
                   A        B        C        D        E       F      G
               +--------+--------+--------+--------+--------+-----+--------+
         Total |    999 |    969 |     30 |      0 |    729 |   2 |  499.5 |
       Dungeon |    999 |    969 |     30 |      0 |    729 |   2 |  499.5 |
               +--------+--------+--------+--------+--------+-----+--------+

Top non-repeatable levels by time:
     D:1: 797 daAuts
     D:2: 202 daAuts
